Map: Terraform LE (Void)

Players

LiquidSnute (Snute) - Winner!

  • Race: Zerg Zerg
  • League: Grandmaster

State

  • Race: Protoss Protoss
  • League: Diamond

Event: Team Gravity's Fight Night #37

VOD

https://youtu.be/T6TAOjOoSBY?t=19m6s

Description

Time

  • Played on: Oct. 31, 2015, 6:33 p.m.
  • Length: 8:24

All games in this series

Show
View Real Time Build Order
Export as new Build Order

LiquidSnute Zerg - Winner!

Build Orders: 3 Hatch before Pool, Lurkers 

Get SALT Encoding   

  12  0:00  Drone  
  13  0:12  Overlord  
  13  0:17  Drone  
  14  0:30  Drone x2  
  14  0:34  Drone  
  17  0:52  Hatchery  
  17  0:55  Drone  
  17  0:58  Drone  
  18  1:08  Drone  
  19  1:23  Hatchery  
  19  1:25  Drone  
  19  1:36  Spawning Pool  
  19  1:40  Drone  
  19  1:43  Drone  
  20  1:50  Drone  
  21  2:01  Drone  
  21  2:07  Drone  
  23  2:10  Overlord  
  23  2:15  Drone  
  24  2:23  Queen x2  
  24  2:29  Drone x2  
  30  2:33  Drone  
  30  2:37  Queen, Zergling x4  
  33  2:42  Overlord  
  35  2:46  Drone  
  35  2:47  Drone  
  37  2:53  Drone  
  37  2:57  Drone  
  37  2:58  Drone  
  40  3:01  Queen  
  40  3:02  Queen  
  44  3:06  Drone  
  44  3:08  Drone x2  
  47  3:15  Drone, Extractor x2  
  47  3:19  Overlord  
  46  3:20  Drone  
  46  3:26  Drone  
  48  3:29  Drone  
  48  3:31  Drone, Roach Warren  
  48  3:33  Drone  
  49  3:35  Overlord  
  49  3:43  Overlord  
  49  3:44  Drone x4  
  49  3:46  Drone x3  
  49  3:48  Drone  
  57  3:51  Overlord  
  57  3:57  Drone x2  
  57  3:58  Drone  
  60  4:03  Drone  
  60  4:04  Lair  
  60  4:06  Drone  
  60  4:08  Evolution Chamber, Drone  
  62  4:10  Drone  
  62  4:11  Drone  
  62  4:13  Drone  
  62  4:14  Drone  
  62  4:15  Drone  
  67  4:18  Drone x2  
  67  4:19  Drone  
  67  4:21  Drone  
  67  4:22  Drone x2  
  73  4:26  Drone, Extractor x2  
  73  4:27  Extractor x2  
  73  4:28  Drone  
  73  4:30  Drone  
  72  4:31  Drone  
  72  4:35  Zerg Missile Weapons Level 1  
  72  4:36  Drone  
  74  4:40  Overlord x2  
  74  4:44  Drone x2  
  74  4:45  Drone  
  77  4:49  Drone x2  
  77  4:50  Drone  
  80  4:53  Drone, Overlord  
  81  5:02  Hydralisk Den, Glial Reconstitution  
  80  5:08  Overlord x2  
  80  5:13  Drone x2  
  82  5:15  Hatchery, Overlord  
  82  5:16  Roach x4  
  89  5:24  Overlord x2  
  89  5:31  Lurker Den  
  89  5:36  Overseer  
  89  5:37  Roach x2  
  89  5:38  Roach x5  
  103  5:43  Overlord x2  
  103  5:51  Hydralisk  
  103  5:52  Hydralisk x2  
  103  5:54  Hydralisk x4  
  117  6:01  Hydralisk x3  
  123  6:05  Hydralisk x2  
  123  6:08  Roach x2  
  123  6:10  Roach  
  133  6:17  Ravager  
  133  6:18  Ravager, Roach  
  135  6:19  Roach x2  
  135  6:21  Extractor  
  135  6:25  Roach, Extractor  
  137  6:26  Roach x3  
  137  6:32  Roach x4  
  139  6:39  Roach  
  135  6:40  Roach x4  
  140  7:01  Lurker  
  140  7:06  Lurker  
  140  7:07  Lurker  
  140  7:08  Zergling x14  
  139  7:14  Roach x4  
  153  7:23  Lurker x2  
  153  7:28  Hatchery, Roach  
  153  7:29  Roach x6  
  168  7:30  Overlord x3  
  168  7:50  Lurker x3  
  163  8:03  Roach x4  
  178  8:12  Spine Crawler x2  
  175  8:15  Spine Crawler  
Show
View Real Time Build Order
Export as new Build Order

State Protoss 

Build Orders: 1 Gate Expand 

Get SALT Encoding   

  12  0:01  Probe (Chrono Boost)  
  13  0:13  Pylon  
  13  0:18  Probe (Chrono Boost)  
  14  0:29  Probe (Chrono Boost)  
  15  0:37  Gateway  
  15  0:39  Probe (Chrono Boost)  
  16  0:46  Assimilator  
  17  0:50  Probe (Chrono Boost)  
  17  1:00  Probe (Chrono Boost)  
  18  1:11  Probe (Chrono Boost)  
  19  1:21  Probe (Chrono Boost)  
  19  1:25  Nexus  
  20  1:35  Cybernetics Core  
  20  1:38  Probe (Chrono Boost)  
  21  1:43  Assimilator  
  21  1:48  Probe (Chrono Boost)  
  22  1:55  Pylon  
  22  1:59  Probe (Chrono Boost)  
  23  2:12  Warp Gate  
  23  2:13  Stalker  
  27  2:16  Mothership Core (Chrono Boost)  
  27  2:34  Probe (Chrono Boost)  
  29  2:37  Probe (Chrono Boost)  
  29  2:44  Sentry  
  29  2:45  Probe (Chrono Boost)  
  29  2:47  Probe (Chrono Boost)  
  33  2:54  Gateway  
  33  2:55  Probe (Chrono Boost), Gateway  
  33  2:58  Probe (Chrono Boost)  
  35  3:02  Pylon  
  34  3:06  Probe (Chrono Boost)  
  34  3:09  Probe (Chrono Boost)  
  38  3:13  Sentry  
  38  3:17  Probe (Chrono Boost)  
  38  3:19  Probe (Chrono Boost)  
  40  3:25  Forge  
  40  3:28  Probe (Chrono Boost)  
  40  3:30  Probe (Chrono Boost)  
  42  3:38  Probe (Chrono Boost)  
  42  3:40  Probe (Chrono Boost)  
  44  3:50  Nexus  
  44  3:51  Probe (Chrono Boost)  
  44  3:55  Probe (Chrono Boost), Pylon  
  45  4:01  Probe (Chrono Boost)  
  45  4:02  Protoss Ground Weapons Level 1 (Chrono Boost)  
  47  4:04  Probe  
  47  4:09  Pylon  
  48  4:13  Probe  
  49  4:17  Sentry x3  
  49  4:19  Probe  
  49  4:20  Gateway  
  56  4:24  Assimilator  
  56  4:26  Assimilator  
  56  4:27  Probe  
  57  4:32  Probe  
  57  4:33  Gateway  
  58  4:41  Robotics Facility  
  58  4:43  Probe x2  
  60  4:53  Sentry, Probe, Stalker  
  60  4:55  Probe  
  66  5:01  Pylon  
  66  5:02  Pylon  
  66  5:08  Probe x2  
  66  5:09  Probe  
  69  5:16  Sentry x2  
  69  5:21  Gateway x2  
  74  5:25  Probe  
  74  5:26  Gateway  
  74  5:28  Gateway  
  74  5:32  Warp Prism (Chrono Boost)  
  76  5:37  Gateway  
  76  5:39  Sentry x2  
  80  5:45  Adept  
  84  5:51  Stalker x2  
  84  5:56  Probe  
  87  5:58  Photon Cannon  
  87  6:03  Stalker x2  
  87  6:04  Observer (Chrono Boost)  
  86  6:28  Stalker x6  
  86  6:30  Zealot  
  98  6:38  Probe  
  82  6:40  Probe x2  
  77  6:49  Probe, Assimilator  
  77  6:50  Warp Prism (Chrono Boost), Assimilator  
  77  6:52  Probe x2, Robotics Bay  
  82  6:54  Twilight Council  
  82  6:56  Photon Cannon  
  82  6:59  Probe  
  83  7:04  Probe x2  
  85  7:09  Zealot x4  
  93  7:17  Mothership Core  
  93  7:18  Warp Prism (Chrono Boost)  
  93  7:21  Probe  
  97  7:23  Probe  
  97  7:26  Pylon  
  97  7:29  Pylon  
  99  7:30  Pylon x2  
  99  7:35  Probe  
  100  7:48  Stalker x3  
  105  8:11  Stalker x4  
  105  8:12  Stalker x4  

Tags
 
Add a new tag
Caveats
  • Supply blocks, unpowered buildings, or Contaminate may cause inaccurate times.
  • Supply counts are checked every 10 seconds.